 Dungeon Crawl Stone Soup version 0.26-a0-663-g36e8fdb655 (console) character file.

Game seed: 18002400814947389836

1366 om the Nimble (level 8, -5/57 HPs)
             Began as a Merfolk Transmuter on Oct 12, 2020.
             Was an Initiate of Gozag.
             Slain by a vampire (10 damage)
             ... on level 4 of the Dungeon.
             The game lasted 00:09:18 (7105 turns).

om the Nimble (Merfolk Transmuter)                  Turns: 7105, Time: 00:09:18

Health: -5/57      AC:  5    Str: 12    XL:     8   Next: 65%
Magic:  4/11       EV: 17    Int: 12    God:    Gozag
Gold:   512        SH:  0    Dex: 15    Spells: 7/11 levels left

rFire    . . .     SeeInvis .     - Unarmed
rCold    + . .     Faith    .   (no shield)
rNeg     . . .     Spirit   .   a - +0 robe
rPois    .         Reflect  .   (helmet restricted)
rElec    .         Harm     .   (no cloak)
rCorr    .         Rampage  .   p - +0 pair of gloves (curse)
MR       .....                  (no boots)
Stlth    +.........             (no amulet)
HPRegen  0.00/turn              n - ring of protection from cold
MPRegen  0.12/turn              (no ring)

@: very slightly contaminated, studying Unarmed Combat
A: change form in water, swift swim, stealthy swim, horns 1, yellow scales 1,
inhibited regeneration
a: Potion Petition, Call Merchant, Bribe Branch, Renounce Religion


You were on level 4 of the Dungeon.
You worshipped Gozag.
Gozag was pleased with you.
You visited 1 branch of the dungeon, and saw 5 of its levels.

You collected 791 gold pieces.
You paid 279 gold pieces to Gozag.

Inventory:

Armour
 a - a +0 robe (worn)
 p - a cursed +0 pair of gloves (worn)
Jewellery
 n - a ring of protection from cold (left hand)
Scrolls
 b - a scroll of amnesia {unknown}
 d - a scroll of fear {unknown}
 g - a scroll of remove curse {unknown}
 h - a scroll of enchant armour {unknown}
 j - a scroll of enchant weapon {unknown}
 m - a scroll of torment {unknown}
 q - a scroll of random uselessness {unknown}
 r - 2 scrolls of immolation {unknown}
Potions
 c - 2 potions of haste
 e - a potion of berserk rage {unknown}
 f - 2 potions of cancellation
 i - a potion of magic {unknown}
 k - 2 potions of stabbing
 l - 2 potions of might
 o - a potion of curing {unknown}
Books
 s - a manual of Unarmed Combat


   Skills:
 - Level 2.3 Fighting
 - Level 4.0 Armour
 - Level 8.0 Dodging
 * Level 6.1 Unarmed Combat
 - Level 2.0 Spellcasting
 - Level 6.0 Transmutations


You had 7 spell levels left.
You knew the following spells:

 Your Spells              Type           Power        Failure   Level
a - Beastly Appendage     Tmut           ###...       2%          1
b - Spider Form           Tmut/Pois      #.........   24%         3

Your spell library contained the following spells:

 Spells                   Type           Power        Failure   Level
 Wereblood                Tmut           ###.....     3%          2
 Blade Hands              Tmut           ###.......   54%         5
 Ice Form                 Ice/Tmut       #.......     61%         4


Dungeon Overview and Level Annotations

Branches:
Dungeon (5/15)
 Temple: D:4-7

Altars:
Cheibriados
Gozag
Sif Muna
Xom
Yredelemnul
The Shining One

Shops:
D:5 !

Annotations:
D:4 exclusion: downstairs


Innate Abilities, Weirdness & Mutations

You revert to your normal form in water.
You are very nimble and swift while swimming.
You are very stealthy in the water. (Stealth+)
You have a pair of small horns on your head.
You are partially covered in yellow scales. (AC +2)
You do not regenerate when monsters are visible.


Message History

You hit something but do no damage. Something misses you. x2
You hit something but do no damage.
Your transformation has ended.
Your cursed +0 pair of gloves unmelds from your body.
Your +0 robe unmelds from your body.
Something hits you but does no damage. Something closely misses you.
Casting: Spider Form (dangerous; 24% risk of failure)
Confirm with . or Enter, or press ? or * to list all spells.
You miscast Spider Form.
You are very lightly contaminated with residual magic.
Nothing appears to happen.
Something hits you! Something bites you!
Something draws strength from your injuries!
You hit something. Something barely misses you. Something bites you!
* * * LOW HITPOINT WARNING * * *
Something draws strength from your injuries!
Okay, then.
Something hits you!
* * * LOW HITPOINT WARNING * * *
Something bites you!
You die...
Your body crumbles into a pile of gold.

......# #.................# #
......# ##..............### ##
......#####.)>........### #.
........####)..........#########.
...####...#(..................###
).## ####(...##......<..........
.## ##..########...........# ##
##....# ##.........## #
##.....########.........#
##.......{...............#
#........#@..............#
#.........######.........#
##....>....## ##........#
#...........# #........#
######...........#### ##......##
....................## ##.....#
.....................## ##..###
♣.♣.♣.♣.♣.♣.♣.♣.♣.♣...## #..#
.......................# #..#
.......................# #..#####
.......................###......#


There were no monsters in sight!

Vanquished Creatures
  Grinder (D:5)
  2 ogres
  A necrophage (D:5)
  A bullfrog (D:4)
  A gnoll sergeant (D:5)
  2 howler monkeys
  A bullfrog zombie (D:5)
  A jelly (D:5)
  3 orc priests
  5 hounds
  2 orc wizards
  Jessica (D:2)
  Terence (D:2)
  Natasha (thrice) (D:2)
  An iguana (D:5)
  7 gnolls (D:5)
  6 adders
  A white imp (D:5)
  2 oozes (D:5)
  2 worms
  3 dart slugs
  2 leopard geckos
  13 orcs
  4 giant cockroaches
  7 goblins
  8 hobgoblins
  7 jackals (D:3)
  2 kobolds
  4 quokkas
  4 bats
  3 frilled lizards
  A leopard gecko skeleton (D:5)
  A leopard gecko zombie (D:4)
  A quokka skeleton (D:4)
  5 rats
109 creatures vanquished.

Vanquished Creatures (others)
  6 plants (D:2)
6 creatures vanquished.

Grand Total: 115 creatures vanquished

Notes
Turn   | Place    | Note
-------+----------+-------------------------------------------
     0 | D:1      | om the Merfolk Transmuter began the quest for the Orb.
     0 | D:1      | Reached XP level 1. HP: 15/15 MP: 3/3
   580 | D:1      | Reached XP level 2. HP: 15/21 MP: 3/5
   773 | D:1      | Found a shimmering blue altar of Sif Muna.
  1004 | D:1      | Found a bloodstained altar of Trog.
  1004 | D:1      | Found a snail-covered altar of Cheibriados.
  1006 | D:1      | Found a basalt altar of Yredelemnul.
  1006 | D:1      | Found a glowing golden altar of the Shining One.
  1006 | D:1      | Found a shimmering altar of Xom.
  1228 | D:2      | Gained mutation: You have a pair of large horns on your
                  | head. [potion of mutation]
  1228 | D:2      | Gained mutation: You do not regenerate when monsters are
                  | visible. [potion of mutation]
  1228 | D:2      | Gained mutation: You are partially covered in yellow
                  | scales. (AC +2) [potion of mutation]
  1329 | D:2      | Noticed Natasha
  1340 | D:2      | Killed Natasha
  1340 | D:2      | Reached skill level 5 in Transmutations
  1340 | D:2      | Reached XP level 3. HP: 4/26 MP: 6/6
  1653 | D:2      | Found an opulent altar of Gozag.
  1671 | D:2      | Reached XP level 4. HP: 18/32 MP: 7/7
  1914 | D:1      | Learned a level 3 spell: Spider Form
  2509 | D:2      | Became a worshipper of Gozag Ym Sagoz the Greedy
  2602 | D:2      | Noticed Natasha
  2609 | D:2      | Killed Natasha
  2609 | D:2      | Reached XP level 5. HP: 39/39 MP: 4/8
  2751 | D:2      | Found a faded altar of an unknown god.
  2810 | D:2      | Noticed Natasha
  2818 | D:2      | Killed Natasha
  2888 | D:2      | Noticed Jessica
  2903 | D:2      | Killed Jessica
  3428 | D:2      | Noticed Terence
  3438 | D:2      | Killed Terence
  3438 | D:2      | Reached skill level 5 in Unarmed Combat
  3438 | D:2      | Reached XP level 6. HP: 42/45 MP: 5/9
  4113 | D:3      | Reached skill level 3 in Dodging
  4686 | D:4      | Reached skill level 4 in Dodging
  4753 | D:4      | Reached XP level 7. HP: 30/51 MP: 6/10
  5166 | D:4      | Reached skill level 1 in Armour
  5166 | D:4      | Reached skill level 5 in Dodging
  5679 | D:5      | Entered Level 5 of the Dungeon
  5975 | D:5      | Noticed Grinder
  5975 | D:5      | Paralysed by Grinder for 6 turns
  6003 | D:5      | Killed Grinder
  6003 | D:5      | Reached skill level 6 in Dodging
  6003 | D:5      | Reached XP level 8. HP: 43/57 MP: 6/11
  6201 | D:5      | Found Buuroos's Distillery.
  6541 | D:5      | Reached skill level 7 in Dodging
  6822 | D:5      | Noticed a vampire
  6851 | D:5      | Reached skill level 8 in Dodging
  7105 | D:4      | Slain by a vampire

Illustrated notes

Levels and vault maps discovered:
D:1:      dpeg_arrival_refuge, layout_rooms, doesnt_xom_only_xom
D:2:      layout_rooms, chequers_ecumenical_altar_lobes, grunt_gozag_statues,
          uniq_natasha, uniq_terence, uniq_jessica
D:3:      layout_loops_ring
D:4:      layout_cave_pods, serial_park, serial_park_avenue1,
          minmay_goblin_outpost
D:5:      kennysheep_big_flooded_room, layout_loops_ring, serial_shops, shop,
          minmay_manual_macuahuitl, uniq_grinder

Skill      XL: |  1  2  3  4  5  6  7  8 |
---------------+-------------------------+-----
Transmutations | 3 5 6 |  6.0
Fighting       | 2 |  2.3
Unarmed Combat | 5 6 |  6.1
Dodging        | 4 6 8 |  8.0
Armour         | 3 4 |  4.0
Spellcasting   | |  2.0

Action                   |  1- 3 |  4- 6 |  7- 9 || total
-------------------------+-------+-------+-------++-------
Melee: Unarmed           |    59 |   142 |   186 ||   387
       Headbutt          |     8 |    22 |     2 ||    32
 Cast: Beastly Appendage |     9 |       |       ||     9
       Spider Form       |       |    12 |    29 ||    41
Invok: Potion Petition   |       |       |     1 ||     1
  Use: Potion            |     2 |       |       ||     2
       Scroll            |       |     1 |     4 ||     5
 Stab: Sleeping          |       |     1 |       ||     1
Armor: Robe              |     7 |    13 |     5 ||    25
       Skin              |       |       |     5 ||     5
Dodge: Dodged            |    37 |    95 |   230 ||   362

Table legend: (Time is in decaauts)
 A = Elapsed time spent in this place.
 B = Non-inter-level travel time spent in this place.
 C = Inter-level travel time spent in this place.
 D = Time resting spent in this place.
 E = Time spent auto-exploring this place.
 F = Levels seen in this place.
 G = Mean time per level.
                   A        B        C        D        E       F      G
               +--------+--------+--------+--------+--------+-----+--------+
         Total |   7087 |   6937 |    150 |   2998 |   2892 |   5 | 1417.4 |
       Dungeon |   7087 |   6937 |    150 |   2998 |   2892 |   5 | 1417.4 |
               +--------+--------+--------+--------+--------+-----+--------+

Top non-repeatable levels by time:
     D:1: 1890 daAuts
     D:2: 1620 daAuts
     D:4: 1483 daAuts
     D:5: 1192 daAuts
     D:3: 900 daAuts
